 Dungeon Crawl Stone Soup version 0.31-a0-819-gf6de2f5ab6 (console) character file.

Game seed: 12133506767762051768

91 questionabletactics the Shooter (level 4, -3/37 HPs)
             Began as a Minotaur Hunter on Sept 23, 2023.
             Was a Follower of Lugonu.
             Killed by divine providence
             ... invoked by an orc priest
              (12 damage)
             ... on level 3 of the Dungeon.
             The game lasted 00:03:20 (1310 turns).

questionabletactics the Shooter (Minotaur Hunter)   Turns: 1310, Time: 00:03:20

Health: -3/37      AC:  4    Str: 16    XL:     4   Next: 34%
Magic:  3/3        EV: 17    Int:  6    God:    Lugonu [*.....]
Gold:   107        SH:  0    Dex: 15    Spells: 3/3 levels left

rFire   . . .        a - +0 shortbow
rCold   . . .        (shield currently unavailable)
rNeg    . . .        n - +1 leather armour {rPois}
rPois   +            (helmet restricted)
rElec   .            (no cloak)
rCorr   .            (no gloves)
SInv    .            (no boots)
Will    .....        (no amulet)
Stlth   +            h - +5 ring of evasion
HPRegen 0.26/turn    (no ring)
MPRegen 0.08/turn

%: no passive effects
@: no status effects
A: horns 2, retaliatory headbutt
a: Renounce Religion, Depart the Abyss


You were on level 3 of the Dungeon.
You worshipped Lugonu.
Lugonu was aware of your devotion.
You visited 1 branch of the dungeon, and saw 3 of its levels.

You collected 107 gold pieces.

Inventory:

Hand Weapons
 a - a +0 shortbow (weapon)
Armour
 i - a +0 scale mail
 n - a +1 leather armour of poison resistance (worn)
Jewellery
 h - a +5 ring of evasion (left hand)
Scrolls
 b - a scroll of butterflies
 d - a scroll of revelation {unknown}
 f - a scroll of poison {unknown}
 g - 2 scrolls of identify {unknown}
 l - a scroll of amnesia {unknown}
 m - a scroll of fog {unknown}
Potions
 c - a potion of resistance {unknown}
 e - 3 potions of curing {unknown}
 j - a potion of heal wounds {unknown}


   Skills:
 - Level 2.4 Fighting
 + Level 6.4 Ranged Weapons
 - Level 2.1 Dodging
 - Level 0.7 Stealth


You had 3 spell levels left.
You didn't know any spells.
Your spell library contained the following spells:

 Spells                   Type           Power      Damage    Failure   Level
 Kiss of Death            Conj/Necr      0%         2d5       52%         1
 Confusing Touch          Hex            0%         N/A       88%         3
 Dispel Undead            Necr           0%         3d6       99%         4


Dungeon Overview and Level Annotations

Branches:
Dungeon (3/15)

Altars:
Lugonu

Shops:
D:1 (


Innate Abilities, Weirdness & Mutations

You have a pair of horns on your head.
You reflexively headbutt those who attack you in melee.


Message History

You headbutt the orc priest! You shoot an arrow.
The arrow hits the orc priest but does no damage.
The orc priest is severely wounded.
An orc priest comes into view.
It is wielding a +0 mace and wearing a +2 ring mail of cold resistance.
The orc priest hits you but does no damage.
You shoot an arrow.
The arrow closely misses the orc priest.
You hear a shout!
The orc priest invokes the aid of Beogh against you.
Pain shoots through your body!
You shoot an arrow. The arrow hits the orc priest.
The orc priest is almost dead.
An orc wizard comes into view. It is wielding a +0 dagger.
The orc priest looks satisfied for a moment.
The orc priest invokes the aid of Beogh against you.
Beogh smites you!
Okay, then.
Fire: a) +0 shortbow
Press: ? - help, Q - select action, (/) - cycle Shift-Dir - straight line, f/p - orc priest
Aim: an orc priest, wielding a +0 short sword and wearing a +0 leather armour (almost dead, 63% to hit)
You shoot an arrow.
The arrow closely misses the orc priest.
The arrow barely misses the orc priest.
The orc priest closely misses you. You furiously retaliate!
You headbutt the orc priest!
You kill the orc priest!
Lugonu accepts your kill.
The orc priest mumbles some strange prayers to Beogh against you.
Pain shoots through your body!
You have reached level 4!
You feel stronger.
A goblin comes into view. It is wielding a +0 dagger.
The goblin shouts!
You hear a shout!
The orc priest calls down the wrath of Beogh upon you.
Beogh smites you!
* * * LOW HITPOINT WARNING * * *
The orc priest invokes the aid of Beogh against you.
Beogh smites you!
You die...

# .#... #. #....
#.####.#.##
#......#..#
.....#..#
##.g....#####
#...........#
#..@.o.#
####......####
.........))).#
####..).[###o#
..####### ##.#.##
#
........####.#.##
#...........#
#....####...#
#.##........#


You could see an orc priest, an orc wizard and a goblin.

Vanquished Creatures
  An orc priest (D:3)
  An adder (D:2)
  A worm (D:2)
  A dart slug (D:2)
  2 orcs (D:3)
  4 bats
  5 endoplasms
  2 giant cockroaches
  3 goblins
  3 hobgoblins (D:1)
  3 quokkas
  4 ball pythons
  5 frilled lizards (D:1)
  2 kobolds
  7 rats
44 creatures vanquished.

Notes
Turn   | Place    | Note
-------+----------+-------------------------------------------
     0 | D:1      | questionabletactics the Minotaur Hunter began the quest for
                  | the Orb.
     0 | D:1      | Reached XP level 1. HP: 18/18 MP: 0/0
    92 | D:1      | Reached XP level 2. HP: 25/25 MP: 1/1
   120 | D:1      | Found Fucweycruck's Antique Weapon Emporium.
   182 | D:1      | Reached skill level 5 in Ranged Weapons
   596 | D:2      | Reached XP level 3. HP: 30/30 MP: 2/2
   899 | D:2      | Found a faded altar of an unknown god.
   915 | D:2      | Prayed at the altar of an unknown god.
   915 | D:2      | Became a worshipper of Lugonu the Unformed
   915 | D:2      | Reached * piety under Lugonu
  1277 | D:3      | Reached skill level 6 in Ranged Weapons
  1307 | D:3      | Reached XP level 4. HP: 21/37 MP: 3/3
  1310 | D:3      | Killed from afar by an orc priest

Illustrated notes

Levels and vault maps discovered:
D:1:      amcnicky_arrival_choice, layout_rooms, serial_shops, shop
D:2:      layout_loops_ring, shapermc_ecumenical_altar_ellora,
          kennysheep_generic_room_14
D:3:      layout_basic, mainiacjoe_overflow_cross_hatched

Skill      XL: |  1  2  3 |
---------------+----------+-----
Ranged Weapons | 5 6 |  6.4
Fighting       | |  2.4
Dodging        | |  2.1
Stealth        | |  0.7

Action                     |  1- 3 |  4- 6 || total
---------------------------+-------+-------++-------
   Fire: Shortbow          |   104 |       ||   104
 Armour: Leather armour    |    10 |       ||    10
         Scale mail        |     1 |       ||     1
  Dodge: Dodged            |    24 |       ||    24

Table legend: (Time is in decaauts)
 A = Elapsed time spent in this place.
 B = Non-inter-level travel time spent in this place.
 C = Inter-level travel time spent in this place.
 D = Time resting spent in this place.
 E = Time spent auto-exploring this place.
 F = Levels seen in this place.
 G = Mean time per level.
                   A        B        C        D        E       F      G
               +--------+--------+--------+--------+--------+-----+--------+
         Total |   1326 |   1213 |    113 |      5 |    922 |   3 |  442.0 |
       Dungeon |   1326 |   1213 |    113 |      5 |    922 |   3 |  442.0 |
               +--------+--------+--------+--------+--------+-----+--------+

Top non-repeatable levels by time:
     D:2: 784 daAuts
     D:1: 467 daAuts
     D:3: 74 daAuts
